Map: Orbital Shipyard

Players

ILLBdA

  • Race: Protoss Protoss
  • League: Diamond

EXO - Winner!

  • Race: Protoss Protoss
  • League: Diamond

VOD

Have the link to the VOD?

Description

Time

  • Played on: Dec. 16, 2015, 10:24 a.m.
  • Length: 4:43
Show
View Real Time Build Order
Export as new Build Order

ILLBdA Protoss 

Build Orders: Phoenix Opening 

Get SALT Encoding   

  12  0:01  Probe (Chrono Boost)  
  13  0:12  Probe (Chrono Boost)  
  14  0:19  Pylon  
  14  0:22  Probe (Chrono Boost)  
  15  0:37  Gateway, Probe (Chrono Boost)  
  16  0:43  Assimilator  
  16  0:47  Probe (Chrono Boost)  
  17  0:58  Probe (Chrono Boost)  
  17  1:01  Assimilator  
  18  1:08  Probe (Chrono Boost)  
  19  1:12  Gateway  
  19  1:19  Probe (Chrono Boost)  
  20  1:28  Cybernetics Core  
  20  1:30  Probe (Chrono Boost)  
  21  1:37  Pylon  
  21  1:40  Probe (Chrono Boost)  
  22  1:51  Probe (Chrono Boost)  
  23  2:04  Adept x2, Warp Gate  
  23  2:05  Mothership Core (Chrono Boost)  
  29  2:14  Pylon  
  29  2:22  Gateway  
  29  2:32  Adept  
  31  2:40  Pylon  
  30  2:45  Adept  
  32  2:57  Stargate  
  30  3:21  Probe (Chrono Boost)  
  31  3:32  Nexus  
  31  3:33  Probe (Chrono Boost)  
  30  3:40  Phoenix (Chrono Boost)  
  32  4:03  Phoenix (Chrono Boost)  
  32  4:06  Stargate  
  32  4:09  Forge  
  34  4:11  Probe  
  35  4:17  Adept  
  35  4:23  Probe  
Show
View Real Time Build Order
Export as new Build Order

EXO Protoss - Winner!

Build Orders: Dark Templar Rush 

Get SALT Encoding   

  12  0:01  Probe (Chrono Boost)  
  13  0:11  Probe (Chrono Boost)  
  14  0:19  Pylon  
  14  0:22  Probe (Chrono Boost)  
  15  0:37  Probe (Chrono Boost)  
  16  0:43  Gateway  
  16  0:48  Probe (Chrono Boost), Assimilator  
  17  0:58  Probe (Chrono Boost)  
  18  1:09  Probe (Chrono Boost)  
  19  1:15  Assimilator  
  19  1:19  Probe (Chrono Boost)  
  19  1:24  Pylon  
  20  1:30  Cybernetics Core, Probe (Chrono Boost)  
  21  1:40  Probe (Chrono Boost)  
  22  1:51  Probe (Chrono Boost), Pylon  
  23  2:01  Probe (Chrono Boost)  
  24  2:08  Adept (Chrono Boost)  
  24  2:09  Warp Gate (Chrono Boost)  
  24  2:12  Probe  
  27  2:17  Twilight Council  
  28  2:31  Mothership Core (Chrono Boost)  
  28  2:36  Pylon  
  31  2:44  Zealot  
  31  2:53  Pylon  
  31  2:58  Dark Shrine  
  31  2:59  Gateway  
  31  3:09  Pylon  
  31  3:26  Nexus  
  31  3:35  Pylon  
  31  3:40  Gateway  
  31  3:48  Gateway  
  31  4:01  Gateway  
  31  4:12  Dark Templar  
  33  4:18  Dark Templar  
  35  4:31  Pylon  
Tags
 
Add a new tag
Caveats
  • Supply blocks, unpowered buildings, or Contaminate may cause inaccurate times.
  • Supply counts are checked every 10 seconds.